 Dungeon Crawl Stone Soup version 0.17-a0-1176-g3d5a0d0 (webtiles) character file.

915 Hanyuu the Insei (level 8, 0/75 HPs)
             Began as an Octopode Transmuter on May 31, 2015.
             Succumbed to Duvessa's poison
             ... on level 4 of the Dungeon.
             The game lasted 00:16:47 (4621 turns).

Hanyuu the Insei (Octopode Transmuter)              Turns: 4621, Time: 00:16:48

Health: 0/75       AC: 24    Str:  9    XL:     8   Next: 9%
Magic:  10/12      EV:  2    Int: 18    God:
Gold:   180        SH:  0    Dex: 12    Spells: 3 memorised, 6 levels left

rFire  . . .     SeeInvis +       - Unarmed
rCold  . . .     Clarity  .     (no shield)
rNeg   + + +     SustAt   .     (helmet currently unavailable)
rPois  +         Gourm    .     (no amulet)
rElec  .         Spirit   .     e - ring of see invisible
rCorr  .         Warding  .     v - ring of flight
rMut   .         NoTele   +     (no ring)
MR     .....                    (no ring)
Stlth  +.........               (no ring)
                                (no ring)
                                (no ring)
                                (no ring)

@: lethally poisoned (0 -> -15), tree-form, not resistant to hostile
enchantments, very unstealthy
A: almost no armour, amphibious, 8 rings, (constrict 8), (camouflage 0),
(gelatinous body 0)
a: no special abilities


You were on level 4 of the Dungeon.
You were hungry.
You were a tree.
You visited 1 branch of the dungeon, and saw 4 of its levels.

You collected 180 gold pieces.

Inventory:

Missiles
 a - 47 arrows
 i - 17 poisoned needles
Armour
 m - a +2 hat (melded)
Jewellery
 e - a ring of see invisible (left branch)
 p - an uncursed ring of ice
 v - a ring of flight (right branch)
 A - a cursed ring of teleportation {unknown}
Magical devices
 l - a wand of frost (32)
 o - a wand of flame (41)
 B - a wand of fireball (6)
Scrolls
 f - 2 scrolls of remove curse
 g - a scroll of magic mapping {unknown}
 n - 2 scrolls of recharging
 q - a scroll of enchant weapon {unknown}
 r - a scroll of immolation {unknown}
 s - a scroll of random uselessness {unknown}
 y - a scroll of amnesia {unknown}
 z - a scroll of identify
Potions
 j - 2 potions of might
 k - 2 potions of mutation
 t - a potion of flight
 x - a potion of lignification
Books
 b - a book of Changes

   Spells                             Type                      Level
   a - Beastly Appendage              Transmutation                1
   b - Sticks to Snakes               Transmutation                2
   c - Spider Form                    Transmutation/Poison         3
   d - Ice Form                       Ice/Transmutation            4
   e - Blade Hands                    Transmutation                5
Comestibles
 c - 5 bread rations
 u - a meat ration
 w - a beef jerky


   Skills:
 - Level 2.0 Fighting
 - Level 4.0 Dodging
 * Level 7.9 Unarmed Combat
 + Level 2.9 Spellcasting
 - Level 2.0 Transmutations
 - Level 2.0 Poison Magic


You had 6 spell levels left.
You knew the following spells:

 Your Spells              Type           Power        Failure   Level  Hunger
a - Beastly Appendage     Trmt           #.....       10%         1    None
b - Sticks to Snakes      Trmt           #.........   12%         2    ##.....
c - Spider Form           Trmt/Pois      #.........   24%         3    ###....


Dungeon Overview and Level Annotations

Branches:
Dungeon (4/15)
 Temple: D:4-7

Altars:
Nemelex Xobeh
Sif Muna
Vehumet

Annotations:
D:4 exclusion: player ghost, Duvessa; asdu's ghost, average CeGl


Innate Abilities, Weirdness & Mutations

You cannot wear most types of armour.
You are amphibious.
You can wear up to eight rings at the same time.
((You can use your tentacles to constrict eight enemies at once.))
((Your skin changes colour to match your surroundings (Stealth).))
((Your rubbery body absorbs attacks (AC +1).))


Message History

Duvessa hits you with a short sword of venom.
* * * LOW HITPOINT WARNING * * *
You are lethally poisoned!
* * * LOW HITPOINT WARNING * * *
You feel sick.
Drink which item? (? for menu, Esc to quit)
You don't have any such object.
Drink which item? (? for menu, Esc to quit)
Drink which item? (? for menu, Esc to quit)
Okay, then.
Drink which item? (? for menu, Esc to quit)
It was a potion of lignification.
Your transformation has ended.
Your +2 hat unmelds from your body.
You turn into a tree.
Your +2 hat melds into your body.
Your roots penetrate the ground.
* * * LOW HITPOINT WARNING * * *
You feel sick.
You hit Duvessa. Your punch misses Duvessa.
Duvessa is lightly wounded.
You die...

.............######...# ##..#
........###...##.....# #...#
....##### ##........## #....
.....# #.......## #..#..
.....# ##.....## ..####
.....## #####..).# ##..#
......## #.......## #..#
.......###...#..[.### ##..#
...............e♣...#####...#
...........#._.#......##.)..##
###[....##........#.....<....#
#
#)...###...#...(####........#
###...## #.......##
##...^.....# ##...## ###..#.##
#..........! ##..## #....#
#........... .[[.# ##.###
#........... ....# #..
...(........


You could see Duvessa.

Vanquished Creatures
  Sigmund (D:4)
  Edmund (D:4)
  A phantom (D:4)
  An ogre (D:4)
  A scorpion (D:4)
  Dowan (D:4)
  Crazy Yiuf (D:2)
  An orc priest (D:4)
  An orc wizard (D:4)
  A gnoll shaman (D:3)
  Robin (D:2)
  6 adders
  10 gnolls
  A worm (D:3)
  3 giant geckos
  6 orcs
  2 giant cockroaches
  13 goblins
  12 hobgoblins
  2 jackals (D:3)
  3 ball pythons
  4 bats
  2 giant gecko skeletons (D:4)
  3 giant newts
  8 kobolds
  9 rats
95 creatures vanquished.

Notes
Turn   | Place    | Note
--------------------------------------------------------------
     0 | D:1      | Hanyuu the Octopode Transmuter began the quest for the Orb.
     0 | D:1      | Reached XP level 1. HP: 13/13 MP: 3/3
   347 | D:1      | Reached XP level 2. HP: 9/18 MP: 1/5
   864 | D:2      | Noticed Robin
   891 | D:2      | Reached skill level 4 in Unarmed Combat
   898 | D:2      | Reached XP level 3. HP: 16/23 MP: 3/6
   902 | D:2      | Learned a level 2 spell: Sticks to Snakes
   906 | D:2      | Learned a level 3 spell: Spider Form
  1092 | D:2      | Killed Robin
  1177 | D:2      | Found a sparkling altar of Nemelex Xobeh.
  1251 | D:2      | Reached XP level 4. HP: 14/28 MP: 7/7
  1644 | D:2      | Found a deep blue altar of Sif Muna.
  1768 | D:2      | Noticed Crazy Yiuf
  1778 | D:2      | Killed Crazy Yiuf
  1778 | D:2      | Reached skill level 1 in Poison Magic
  2192 | D:3      | Reached skill level 5 in Unarmed Combat
  2305 | D:3      | Reached XP level 5. HP: 15/33 MP: 5/8
  3046 | D:3      | Reached XP level 6. HP: 30/39 MP: 9/9
  3268 | D:4      | Reached skill level 6 in Unarmed Combat
  3546 | D:4      | Found a radiant altar of Vehumet.
  3554 | D:4      | Noticed Sigmund
  3568 | D:4      | Killed Sigmund
  3568 | D:4      | Reached XP level 7. HP: 27/45 MP: 3/10
  3582 | D:4      | Reached skill level 7 in Unarmed Combat
  3969 | D:4      | Noticed Edmund
  3998 | D:4      | Killed Edmund
  4264 | D:4      | Noticed asdu's ghost (average CeGl)
  4376 | D:4      | Reached XP level 8. HP: 20/50 MP: 6/12
  4583 | D:4      | Noticed Dowan
  4596 | D:4      | Noticed Duvessa
  4596 | D:4      | Killed Dowan
  4619 | D:4      | HP: 2/50 [poisoned by Duvessa]
  4621 | D:4      | Succumbed to Duvessa's poison

Vault maps used:
D:1:      saegor_arrival_miasma
D:2:      overflow_temple_1_default, lemuel_blue_sif_altar, minivault_4,
          uniq_robin, uniq_crazy_yiuf_cottage
D:3:      minmay_splitting_lines, wad_rectangle_vault
D:4:      first_bread, vehumet_altar_wand_db, uniq_duvessa, uniq_edmund,
          uniq_blork_the_orc, uniq_sigmund

Action                   |  1- 3 |  4- 6 |  7- 9 || total
-------------------------+-------+-------+-------++-------
Melee: Unarmed           |    67 |   119 |    64 ||   250
 Cast: Beastly Appendage |     3 |     7 |     1 ||    11
       Spider Form       |     1 |     9 |     7 ||    17
 Abil: End Transformatio |       |     1 |       ||     1
  Use: Scroll            |     4 |     4 |     1 ||     9
       Potion            |       |     2 |     5 ||     7
 Stab: Sleeping          |     2 |     2 |       ||     4
  Eat: Chunk             |     1 |     9 |     2 ||    12
       Beef jerky        |       |       |     1 ||     1
